 Dungeon Crawl Stone Soup version 0.20-b1-14-g8425815 (webtiles) character file.

102155 Mesmaeker13 the Warrior (level 16, -17/203 HPs)
             Began as an Ogre Skald on May 23, 2017.
             Was a High Priest of Okawaru.
             Shot with a bolt by a naga sharpshooter (26 damage)
             ... on level 1 of the Snake Pit.
             The game lasted 01:44:14 (44981 turns).

Mesmaeker13 the Warrior (Ogre Skald)               Turns: 44981, Time: 01:44:15

Health: -17/203    AC:  6    Str: 31 (32) XL:     16   Next: 32%
Magic:  23/23      EV: 20    Int: 15 (16) God:    Okawaru [*****.]
Gold:   1990       SH:  0    Dex:  8 (9)  Spells: 7/25 levels left

rFire    . . .     SeeInvis .   y - +1 great mace of Kindness {flame, rElec rF- Str+5}
rCold    + + .     Gourm    .   (shield currently unavailable)
rNeg     + . .     Faith    +   q - +2 robe {rN+}
rPois    +         Spirit   .   z - +1 hat
rElec    +         Reflect  .   P - scarf {rC+ rF+}
rCorr    .         Harm     .   (gloves unavailable)
MR       +....                  (boots unavailable)
Stlth    +.........             l - amulet "Acrenk" {Faith rC+}
Regen    0.5/turn               b - ring "Diny" {rPois Str+6}
MPRegen  0.2/turn               s - +5 ring of evasion

@: no status effects
A: unfitting armour, deterioration 1, robust 1, screaming 1, tough skin 1
a: Heroism, Finesse, Renounce Religion


You were on level 1 of the Snake Pit.
You worshipped Okawaru.
Okawaru was extremely pleased with you.
You were not hungry.

You visited 5 branches of the dungeon, and saw 24 of its levels.

You collected 2850 gold pieces.
You spent 860 gold pieces at shops.

Inventory:

Hand Weapons
 y - the +1 great mace of Kindness (weapon) {flame, rElec rF- Str+5}
   (Okawaru gifted it to you on level 10 of the Dungeon)

   It has been specially enchanted to burn those struck by it, causing extra
   injury to most foes and up to half again as much damage against particularly
   susceptible opponents.
   It affects your strength (+5).
   It makes you vulnerable to fire.
   It insulates you from electricity.
 C - a +0 giant club
 G - a +0 giant spiked club
Missiles
 f - 3 silver javelins
 H - 5 javelins (quivered)
 J - 2 throwing nets
 T - 18 large rocks
Armour
 q - a +2 robe of positive energy (worn)
 z - a +1 hat (worn)
 B - a +0 cloak
 P - a scarf of resistance (worn)
Jewellery
 a - an uncursed ring of ice
 b - the ring "Diny" (left hand) {rPois Str+6}
   (You took it off an entropy weaver on level 6 of the Lair of Beasts)

   [ring of poison resistance]

   It affects your strength (+6).
   It protects you from poison.
 l - the amulet "Acrenk" (around neck) {Faith rC+}
   (You acquired it on level 14 of the Dungeon)

   [amulet of faith]

   It allows you to gain divine favour quickly.
   It protects you from cold.
 s - a +5 ring of evasion (right hand)
 K - an uncursed ring of see invisible
Wands
 n - a wand of digging (6/24)
 w - a wand of flame (15/48)
 L - a wand of digging (7/24)
 N - a wand of iceblast (6/15)
 Y - a wand of paralysis (5/24)
Scrolls
 e - 3 scrolls of fog
 m - a scroll of remove curse
 o - 4 scrolls of teleportation
 t - 4 scrolls of amnesia
 x - a scroll of holy word {unknown}
 A - 4 scrolls of identify
 D - 10 scrolls of blinking
 I - a scroll of magic mapping
 O - 5 scrolls of fear
 R - 2 scrolls of summoning
Potions
 p - 4 potions of brilliance
 v - a potion of haste
 E - a potion of lignification
 U - 2 potions of flight
 W - a potion of magic
Books
 r - Roxanne's Disquisition on Changing
   (You took it off Roxanne on level 14 of the Dungeon)

   Spells                             Type                      Level
   a - Beastly Appendage              Transmutation                1
   b - Blade Hands                    Transmutation                5
   c - Statue Form                    Transmutation/Earth          6
   d - Dragon Form                    Transmutation                7
Miscellaneous
 g - a phantom mirror
Comestibles
 c - 3 royal jellies
 d - a bread ration
 k - 9 meat rations
 V - 6 fruits


   Skills:
 + Level 17.8 Fighting
 + Level 13.0 Maces & Flails
 + Level 13.3 Dodging
 - Level 5.0 Spellcasting
 - Level 7.0 Hexes
 - Level 8.0 Charms
 - Level 5.0 Necromancy
 - Level 3.0 Translocations
 + Level 6.6 Invocations


You had 7 spell levels left.
You knew the following spells:

 Your Spells              Type           Power        Failure   Level  Hunger
a - Infusion              Chrm           ####         1%          1    None
b - Song of Slaying       Chrm           ####....     1%          2    ##.....
c - Spectral Weapon       Hex/Chrm       ####....     2%          3    ###....
d - Shroud of Golubria    Chrm/Tloc      ###.......   2%          2    ##.....
e - Regeneration          Chrm/Necr      ###.......   3%          3    ###....
f - Confuse               Hex            ###.....     2%          3    ###....
g - Animate Dead          Necr           N/A          21%         4    ####...


Dungeon Overview and Level Annotations

Branches:
Dungeon (14/15)            Temple (1/1) D:7            Lair (6/6) D:11
  Swamp (0/4) Lair:3        Snake (1/4) Lair:3        Slime (0/5) Lair:6
    Orc (2/2) D:10            Elf (0/3) Orc:2        Vaults (0/5) D:14

Altars:
Ashenzari
Cheibriados
Dithmenos
Elyvilon
Fedhas
Gozag
Hepliaklqana
Kikubaaqudgha
Makhleb
Nemelex Xobeh
Okawaru
Qazlal
Ru
Sif Muna
Trog
Uskayaw
Vehumet
Xom
Yredelemnul
Zin
The Shining One

Shops:
D:4 (   D:5 =   D:7 }(}   D:10 (   Orc:2 =%?*

Annotations:
Lair:4 1 exclusion


Innate Abilities, Weirdness & Mutations

You are too large for most types of armour.
You have tough skin. (AC +1)
Your body sometimes deteriorates upon taking damage.
You are robust. (+10% HP)
You occasionally shout uncontrollably at your foes.


Message History

The bolt hits you!!
* * * LOW HITPOINT WARNING * * *
Okay, then.
You bump into the rock wall.
You bump into the rock wall.
You feel less invigorated.
You feel less confused. The naga mage casts a spell at you.
The bolt of poison hits you! You resist.
* * * LOW HITPOINT WARNING * * *
The naga mage barely misses you. The naga mage closely misses you.
Unknown command.
Unknown command.
You flatten the naga mage like a pancake!!!
You burn the naga mage!!
You kill the naga mage!
Okawaru accepts your kill.
The naga sharpshooter gestures wildly while chanting.
The naga sharpshooter magically shoots a bolt.
The bolt hits you!!
You die...

...###.......##.# #.#
#..........[)##.## #.#
#.##########(##..#####.#
#####(##.>......#
#...#(###########
#...#N# #...#### #...#(#
#.#....# #######...#[#
#.####.# #).........@#
#...##.# #)###########
###.##.# ####)# ######
#.##.# #..).##### #....#
#.##.### #.##.....#
##....# #.##....
#.##.....###.....#
#.#####.
#..........#.....#
#.....#.
####.....#.#.....#
#####.#. #######.......#
#.#.


You could see a naga sharpshooter.

Vanquished Creatures
  Rupert (Lair:4)
  Roxanne (D:14)
  A fire giant (Lair:5)
  2 entropy weavers (Lair:6)
  An ogre mage (Orc:1)
  A yaktaur captain (D:14)
  2 naga warriors (Snake:1)
  3 catoblepae
  2 hydras (Lair:6)
  2 centaur warriors
  An anaconda (Snake:1)
  14 two-headed ogres
  A deep troll shaman (Lair:6)
  13 death yaks
  A tengu warrior (D:14)
  A queen ant (Lair:6)
  3 orc high priests (Orc:2)
  A shock serpent (Snake:1)
  A deep elf knight (D:13)
  4 skeletal warriors
  3 unseen horrors
  6 orc knights
  5 orc sorcerers (Orc:2)
  A lindwurm (Lair:6)
  3 ugly things
  A mana viper (Snake:1)
  4 manticores
  4 cyclopes
  Maurice (D:10)
  A centaur zombie (D:14)
  6 elephants (Lair:6)
  15 black mambas
  A naga mage (Snake:1)
  A gargoyle (D:12)
  14 spiny frogs
  2 rime drakes
  5 komodo dragons
  The ghost of miragecloak the Changer, a novice OpTm (D:8)
  2 yaktaurs (D:14)
  2 tengu conjurers (D:14)
  3 meliai (D:14)
  2 trolls
  Grinder (D:6)
  3 polar bears
  16 blink frogs
  9 hippogriffs
  82 yaks
  2 water elementals (D:14)
  A wraith (D:13)
  4 wyverns
  3 basilisks
  2 steam dragons
  4 vampire mosquitoes
  5 wargs
  5 hungry ghosts
  10 nagas
  16 soldier ants
  An acid dragon (D:14)
  Duvessa (D:5)
  8 water moccasins
  14 porcupines
  3 ice beasts
  A necrophage (D:11)
  24 orc warriors
  A sky beast (D:7)
  15 ogres
  2 eyes of draining (D:13)
  A phantom (D:14)
  3 black bears
  16 wolves
  6 centaurs
  12 crocodiles
  Blork the orc (D:5)
  5 big kobolds
  21 bullfrogs
  Dowan (D:5)
  A wyvern skeleton (D:8)
  3 scorpions
  7 killer bees (D:12)
  5 electric eels
  3 howler monkeys
  3 crimson imps
  A quasit (D:10)
  3 bullfrog zombies
  14 orc priests
  2 hounds (D:4)
  18 jellies
  2 centaur skeletons
  A gnoll shaman (D:9)
  30 orc wizards
  A bullfrog skeleton (D:9)
  2 hell rats (Lair:2)
  5 iguanas
  37 worker ants
  A hound zombie (D:9)
  A hound skeleton (D:7)
  17 adders
  10 gnolls
  8 river rats (Lair:2)
  6 shadow imps
  2 oozes
  An adder zombie (D:6)
  3 adder skeletons
  4 worms
  3 dart slugs (D:1)
  12 leopard geckos
  96 orcs
  8 giant cockroaches
  5 goblins
  13 hobgoblins
  12 jackals
  36 kobolds
  5 quokkas
  3 ball pythons
  A ball python zombie (D:5)
  12 bats
  4 frilled lizards
  2 quokka zombies (D:5)
  7 rats
848 creatures vanquished.

Vanquished Creatures (others)
  An adder (D:7)
  An orc (Orc:2)
  6 fungi
  17 plants
  39 spectral weapons
64 creatures vanquished.

Grand Total: 912 creatures vanquished

Notes
Turn   | Place    | Note
-------+----------+-------------------------------------------
     0 | D:1      | Mesmaeker13 the Ogre Skald began the quest for the Orb.
     0 | D:1      | Reached XP level 1. HP: 22/22 MP: 3/3
    29 | D:1      | Reached skill level 3 in Fighting
   229 | D:1      | Reached XP level 2. HP: 27/31 MP: 1/5
   559 | D:1      | Reached XP level 3. HP: 32/37 MP: 6/6
  1180 | D:2      | Learned a level 2 spell: Song of Slaying
  1767 | D:2      | Reached XP level 4. HP: 44/48 MP: 7/7
  1995 | D:1      | Reached skill level 4 in Fighting
  3089 | D:3      | Reached XP level 5. HP: 31/55 MP: 4/8
  3672 | D:3      | Found a shattered altar of Ashenzari.
  4587 | D:4      | Reached skill level 5 in Fighting
  4587 | D:4      | Reached XP level 6. HP: 49/66 MP: 4/9
  5123 | D:4      | Found a snail-covered altar of Cheibriados.
  5139 | D:4      | Found a stormy altar of Qazlal.
  5140 | D:4      | Noticed a fire elemental
  5144 | D:4      | Found a sacrificial altar of Ru.
  5442 | D:4      | Found Atzep's Weapon Shoppe.
  5448 | D:4      | Bought a +0 great mace for 84 gold pieces
  5804 | D:4      | Noticed an air elemental
  5804 | D:4      | Noticed a water elemental
  5865 | D:4      | Reached XP level 7. HP: 47/74 MP: 10/10
  6580 | D:5      | Entered Level 5 of the Dungeon
  6611 | D:5      | Learned a level 3 spell: Spectral Weapon
  6645 | D:5      | Reached skill level 6 in Fighting
  6911 | D:5      | Noticed Blork the orc
  7178 | D:5      | You fall through a shaft for 3 floors!
  7193 | D:8      | Found a sparkling altar of Nemelex Xobeh.
  7193 | D:8      | Found a white marble altar of Elyvilon.
  7429 | D:5      | Found Ykeozaut's Jewellery Shoppe.
  7488 | D:5      | Killed Blork the orc
  7856 | D:5      | Noticed Duvessa
  7858 | D:5      | Noticed Dowan
  7866 | D:5      | Reached XP level 8. HP: 54/84 MP: 9/11
  7868 | D:5      | Killed Duvessa
  7868 | D:5      | Reached skill level 5 in Charms
  7874 | D:5      | Killed Dowan
  8203 | D:5      | Reached skill level 7 in Fighting
  8259 | D:5      | Found a bloodstained altar of Trog.
  9252 | D:6      | Reached skill level 5 in Dodging
  9816 | D:6      | Noticed Grinder
  9831 | D:6      | Killed Grinder
  9831 | D:6      | Reached skill level 8 in Fighting
  9831 | D:6      | Reached skill level 5 in Maces & Flails
  9831 | D:6      | Reached XP level 9. HP: 57/96 MP: 3/12
  9904 | D:6      | Noticed a two-headed ogre
  9926 | D:6      | Learned a level 2 spell: Shroud of Golubria
 10517 | D:7      | Found Xakupom's Gadget Shop.
 10629 | D:7      | Found Faok's Weapon Shoppe.
 10634 | D:7      | Found a shadowy altar of Dithmenos.
 10791 | D:7      | Found a staircase to the Ecumenical Temple.
 10800 | Temple   | Entered the Ecumenical Temple
 10937 | Temple   | Became a worshipper of Warmaster Okawaru
 11137 | D:7      | Reached skill level 1 in Hexes
 11168 | D:7      | Found Medi's Gadget Shop.
 12100 | D:8      | Reached skill level 9 in Fighting
 12151 | D:8      | Noticed miragecloak's ghost (novice OpTm)
 12175 | D:8      | Killed miragecloak's ghost
 12175 | D:8      | Reached * piety under Okawaru
 12176 | D:8      | Found a glowing golden altar of the Shining One.
 12487 | D:9      | Noticed a two-headed ogre
 12493 | D:9      | Killed a two-headed ogre
 12493 | D:9      | Reached XP level 10. HP: 85/110 MP: 13/13
 12554 | D:9      | Found a shattered altar of Ashenzari.
 12896 | D:9      | Reached ** piety under Okawaru
 13220 | D:9      | Reached skill level 10 in Fighting
 14089 | D:9      | Learned a level 3 spell: Regeneration
 14779 | D:10     | Entered Level 10 of the Dungeon
 14856 | D:10     | Reached *** piety under Okawaru
 15379 | D:10     | Noticed Maurice
 15594 | D:5      | Bought an uncursed ring of see invisible for 195 gold pieces
 15670 | D:6      | Killed a two-headed ogre
 15810 | D:8      | Noticed a two-headed ogre
 15819 | D:8      | Killed a two-headed ogre
 15819 | D:8      | Reached skill level 11 in Fighting
 15819 | D:8      | Reached skill level 1 in Invocations
 15819 | D:8      | Reached XP level 11. HP: 17/120 MP: 5/14
 16334 | D:10     | Reached skill level 5 in Hexes
 16440 | D:10     | Found Xisot's Weapon Shoppe.
 16447 | D:10     | Found a staircase to the Orcish Mines.
 16450 | D:10     | Noticed an orc knight
 16484 | D:10     | Killed an orc knight
 16973 | D:10     | Reached **** piety under Okawaru
 17514 | D:10     | Noticed a two-headed ogre
 17522 | D:10     | Killed a two-headed ogre
 17883 | D:10     | Noticed an unseen horror
 17883 | D:10     | Noticed a two-headed ogre
 17894 | D:10     | Killed a two-headed ogre
 17907 | D:10     | Killed an unseen horror
 17907 | D:10     | Reached ***** piety under Okawaru
 18299 | D:10     | Killed Maurice
 18731 | D:11     | Noticed a manticore
 18742 | D:11     | Killed a manticore
 18742 | D:11     | Received a gift from Okawaru
 18742 | D:11     | Reached skill level 12 in Fighting
 18887 | D:11     | Noticed a red ugly thing
 18908 | D:11     | Killed a cyan ugly thing
 19068 | D:11     | Reached skill level 1 in Necromancy
 19167 | D:11     | Noticed a two-headed ogre
 19173 | D:11     | Killed a two-headed ogre
 19223 | D:11     | Noticed a two-headed ogre
 19228 | D:11     | Killed a two-headed ogre
 19228 | D:11     | Reached XP level 12. HP: 101/133 MP: 4/15
 20111 | D:11     | Found a staircase to the Lair.
 20344 | Lair:1   | Entered Level 1 of the Lair of Beasts
 20350 | Lair:1   | Learned a level 3 spell: Confuse
 20909 | Lair:1   | Gained mutation: You tend to lose your temper in combat. [potion of mutation]
 20909 | Lair:1   | Gained mutation: You are resistant to hostile enchantments. (MR+) [potion of mutation]
 20909 | Lair:1   | Gained mutation: You are partially covered in thin metallic scales. (AC +2) [potion of mutation]
 21021 | Lair:1   | Reached skill level 13 in Fighting
 21866 | Lair:2   | Received a gift from Okawaru
 22253 | Lair:2   | Reached skill level 10 in Dodging
 23106 | Lair:3   | Reached skill level 5 in Necromancy
 23118 | Lair:3   | Found a staircase to the Swamp.
 23119 | Lair:3   | Was placed under penance by Okawaru
 23537 | Lair:3   | Found a staircase to the Snake Pit.
 23578 | Lair:3   | Reached skill level 10 in Maces & Flails
 23578 | Lair:3   | Reached XP level 13. HP: 145/145 MP: 6/16
 24164 | Lair:3   | You fall through a shaft for 3 floors!
 24164 | Lair:6   | Entered Level 6 of the Lair of Beasts
 24165 | Lair:6   | Identified a scroll of acquirement
 24345 | Lair:6   | Noticed an entropy weaver
 24444 | Lair:5   | Was forgiven by Okawaru
 24445 | Lair:5   | Noticed a fire giant
 24821 | Lair:3   | Reached skill level 14 in Fighting
 25267 | Lair:4   | Noticed Rupert
 25333 | Lair:4   | Killed Rupert
 25333 | Lair:4   | Received a gift from Okawaru
 26309 | Lair:4   | Lost mutation: You are resistant to hostile enchantments. (MR+) [potion of mutation]
 26309 | Lair:4   | Lost mutation: You tend to lose your temper in combat. [potion of mutation]
 26309 | Lair:4   | Lost mutation: You are partially covered in thin metallic scales. (AC +2) [potion of mutation]
 26309 | Lair:4   | Gained mutation: You occasionally shout uncontrollably at your foes. [potion of mutation]
 26309 | Lair:4   | Gained mutation: Your body sometimes deteriorates upon taking damage. [potion of mutation]
 26309 | Lair:4   | Gained mutation: You are robust. (+10% HP) [potion of mutation]
 27908 | Lair:5   | Reached XP level 14. HP: 172/172 MP: 12/17
 28408 | Lair:5   | Reached skill level 15 in Fighting
 28891 | Lair:6   | Reached ****** piety under Okawaru
 29264 | Lair:6   | Noticed an entropy weaver
 29279 | Lair:6   | Killed an entropy weaver
 29279 | Lair:6   | Received a gift from Okawaru
 30078 | Lair:5   | Killed a fire giant
 31046 | Lair:6   | Reached skill level 5 in Spellcasting
 31347 | Lair:6   | Found a staircase to the Slime Pits.
 31865 | Lair:6   | Killed an entropy weaver
 31865 | Lair:6   | Reached skill level 16 in Fighting
 31867 | Lair:6   | Got a twitching copper ring
 32706 | Lair:6   | Received a gift from Okawaru
 32899 | Lair:6   | Reached XP level 15. HP: 113/187 MP: 15/22
 33488 | Lair:6   | Received a gift from Okawaru
 33835 | Lair:6   | Identified the ring "Diny" {rPois Str+6} (You took it off an entropy weaver on level 6 of the Lair of Beasts)
 34411 | D:12     | Received a gift from Okawaru
 34411 | D:12     | Reached skill level 1 in Translocations
 36754 | Orc:1    | Entered Level 1 of the Orcish Mines
 36887 | D:10     | Received a gift from Okawaru
 36900 | D:10     | Got a smoking great mace {god gift}
 36901 | D:10     | Identified the +1 great mace of Kindness {flame, rElec rF- Str+5} (Okawaru gifted it to you on level 10 of the Dungeon)
 37373 | Orc:1    | Reached skill level 17 in Fighting
 37535 | Orc:1    | Found a bloodstained altar of Trog.
 37898 | Orc:2    | Entered Level 2 of the Orcish Mines
 38579 | Orc:2    | Found a staircase to the Elven Halls.
 39423 | Orc:2    | Received a gift from Okawaru
 39479 | Orc:1    | Reached skill level 5 in Invocations
 39983 | Orc:2    | Found Fuborr's Magic Scroll Boutique.
 39991 | Orc:2    | Found Tumoekko's Jewellery Emporium.
 39997 | Orc:2    | Found Guntis's Food Emporium.
 39999 | Orc:2    | Found Bonigoh's Assorted Antiques.
 40007 | Orc:2    | Bought a scroll of identify for 62 gold pieces
 40007 | Orc:2    | Bought a scroll of enchant armour for 232 gold pieces
 40020 | Orc:2    | Bought a scroll of blinking for 105 gold pieces
 40020 | Orc:2    | Bought a scroll of identify for 28 gold pieces
 40020 | Orc:2    | Bought a scroll of enchant weapon for 105 gold pieces
 40020 | Orc:2    | Bought a scroll of magic mapping for 49 gold pieces
 41341 | D:14     | Reached XP level 16. HP: 195/201 MP: 15/23
 41785 | D:14     | Found a gate to the Vaults.
 42018 | D:14     | Noticed Roxanne
 42028 | D:14     | Got a warped bone amulet
 42029 | D:14     | Identified the amulet "Acrenk" {Faith rC+} (You acquired it on level 14 of the Dungeon)
 42051 | D:14     | Killed Roxanne
 42052 | D:14     | Identified Roxanne's Disquisition on Changing (You took it off Roxanne on level 14 of the Dungeon)
 43157 | Snake:1  | Entered Level 1 of the Snake Pit
 44758 | Lair:1   | Learned a level 4 spell: Animate Dead
 44970 | Snake:1  | HP: 4/203 [naga warrior/long sword of pain (9)]
 44978 | Snake:1  | HP: 9/203 [naga sharpshooter/bolt (20)]
 44981 | Snake:1  | Shot with a bolt by a naga sharpshooter

Skill      XL: |  1  2  3  4  5  6  7  8  9 10 11 12 13 14 15 16 |
---------------+-------------------------------------------------+-----
Fighting       | 3 4 5 6 8 9 11 12 13 14 16 17 | 17.8
Maces & Flails | 2 3 4 5 6 7 8 10 11 12 13 | 13.0
Charms         | 3 4 5 6 7 8 |  8.0
Dodging        | 3 4 5 6 7 9 10 11 12 13 | 13.3
Hexes          | 3 4 5 6 7 |  7.0
Invocations    | 1 4 5 6 |  6.6
Necromancy     | 2 5 |  5.0
Spellcasting   | 5 |  5.0
Translocations | 3 |  3.0

Action                   |  1- 3 |  4- 6 |  7- 9 | 10-12 | 13-15 | 16-18 || total
-------------------------+-------+-------+-------+-------+-------+-------++-------
Melee: Mace              |   112 |   236 |   320 |   372 |       |       ||  1040
       Great mace        |       |    11 |     5 |       |       |    26 ||    42
       Giant club        |       |       |       |   323 |  1191 |   134 ||  1648
 Fire: Blowgun           |       |       |     4 |       |       |       ||     4
Throw: Tomahawk          |       |       |       |     3 |       |       ||     3
       Javelin           |       |       |       |     3 |     5 |       ||     8
 Cast: Infusion          |     8 |    26 |    18 |    20 |     5 |       ||    77
       Song of Slaying   |       |     2 |     4 |    10 |     2 |     1 ||    19
       Spectral Weapon   |       |       |     2 |    36 |   115 |    16 ||   169
       Shroud of Golubri |       |       |     1 |    67 |   122 |    19 ||   209
       Regeneration      |       |       |       |    17 |    53 |    11 ||    81
Invok: Heroism           |       |       |       |     1 |     8 |     1 ||    10
       Finesse           |       |       |       |       |     4 |     1 ||     5
Evoke: Wand              |       |    10 |     7 |    13 |    10 |       ||    40
  Use: Potion            |       |     2 |     5 |     3 |     4 |     8 ||    22
       Scroll            |       |     5 |    12 |     7 |    10 |     4 ||    38
 Stab: Sleeping          |     1 |       |     2 |     4 |       |       ||     7
       Confused          |       |       |     1 |       |       |       ||     1
       Distracted        |       |       |       |     2 |     4 |       ||     6
  Eat: Chunk             |     3 |     9 |    18 |    38 |    43 |     1 ||   112
       Bread ration      |       |     1 |     1 |     3 |     9 |     2 ||    16
       Meat ration       |       |       |       |       |       |     1 ||     1
       Royal jelly       |       |       |       |       |       |     1 ||     1
Armor: Robe              |    42 |    93 |    48 |    84 |   118 |    12 ||   397
       Skin              |       |       |       |     1 |       |       ||     1
Dodge: Dodged            |    83 |   177 |   203 |   626 |  1185 |   183 ||  2457
